 Dungeon Crawl Stone Soup version 0.28.0-45-g0d030f2227 (webtiles) character file.

Game seed: 7820084047707539032

7 Eitelfritz the Slasher (level 1, 0/18 HPs)
             Began as a Minotaur Gladiator on Apr 12, 2022.
             Frozen to death by an endoplasm (2 damage)
             ... on level 1 of the Dungeon.
             The game lasted 00:00:30 (122 turns).

Eitelfritz the Slasher (Minotaur Gladiator)          Turns: 122, Time: 00:00:31

Health: 0/18       AC:  3    Str: 18    XL:     1   Next: 91%
Magic:  0/0        EV: 12    Int:  5    God:
Gold:   8          SH:  0    Dex: 11    Spells: 0/0 levels left

rFire   . . .      SeeInvis .   a - +0 long sword
rCold   . . .      Faith    .   (no shield)
rNeg    . . .      Spirit   .   b - +0 leather armour
rPois   .          Reflect  .   c - +0 hat
rElec   .          Harm     .   (no cloak)
rCorr   .          Rampage  .   (no gloves)
Will    .....                   (no boots)
Stlth   +.........              (no amulet)
HPRegen 0.06/turn               (no ring)
MPRegen 0.07/turn               (no ring)

@: no status effects
A: horns 2, retaliatory headbutt
a: no special abilities


You were on level 1 of the Dungeon.
You visited 1 branch of the dungeon, and saw 1 of its levels.

You collected 8 gold pieces.

Inventory:

Hand Weapons
 a - a +0 long sword (weapon)
Missiles
 d - 3 throwing nets (quivered)
Armour
 b - a +0 leather armour (worn)
 c - a +0 hat (worn)
Scrolls
 f - a scroll of teleportation {unknown}
Potions
 e - a potion of mutation {unknown}


   Skills:
 + Level 2.4 Fighting
 + Level 3.9 Long Blades
 + Level 2.1 Throwing
 + Level 3.4 Dodging


You couldn't memorise any spells.
You didn't know any spells.
Your spell library was empty.

Dungeon Overview and Level Annotations

Branches:
Dungeon (1/15)

Altars:


Innate Abilities, Weirdness & Mutations

You have a pair of horns on your head.
You reflexively headbutt those who attack you in melee.


Message History

The frilled lizard hisses angrily.
The ball python hisses angrily.
The frilled lizard bites you. The ball python closely misses you.
The ball python grabs you. The ball python constricts you.
You hit the frilled lizard.
You kill the frilled lizard!
The ball python closely misses you. You furiously retaliate!
You headbutt the ball python.
You kill the ball python!
Found 12 gold pieces and 3 poisoned darts.
A goblin and an endoplasm come into view.
The goblin shouts!
The endoplasm quivers.
A bat comes into view.
A ball python comes into view.
The ball python hisses angrily.
A rat comes into view.
The goblin barely misses you. The bat closely misses you.
You furiously retaliate!
You headbutt the bat.
You kill the bat!
You miss the goblin. The goblin hits you with a +0 club.
The goblin hits you but does no damage.
You hit the goblin but do no damage. The goblin hits you with a +0 club.
The ball python bites you. The ball python grabs you.
The ball python constricts you.
You slash the goblin!
You kill the goblin!
The endoplasm freezes you.
You are frozen.
* * * LOW HITPOINT WARNING * * *
The ball python barely misses you. You furiously retaliate!
You headbutt the ball python.
You kill the ball python!
The endoplasm freezes you.
You are frozen.
* * * LOW HITPOINT WARNING * * *
The rat twitches its whiskers.
The rat twitches its whiskers.
The endoplasm freezes you.
You are frozen.
You die...

#.....#.##.# #....... #.....#.
#.#########....... #......
#.#...............
#.....####.#..⌠...⌠........
...............###.........
#......######..'<#...###+####..
#......# #.r###.............
......#######.⌠..J⌠........... .
..†...+.........@^..#........ ..
......##.....#..............# ...
.......+.......##....###....#....
'###.###.....####....###.(.†....#
................'.....#....)....#
.....#######.>.##.....#.....#####
†....'.#####...####...#.....#
.....#.##......####.###.....#$
.....#.##...#..#......J...P.....


You could see an endoplasm and a rat.

Vanquished Creatures
  2 bats (D:1)
  A goblin (D:1)
  A hobgoblin (D:1)
  2 ball pythons (D:1)
  A frilled lizard (D:1)
7 creatures vanquished.

Notes
Turn   | Place    | Note
-------+----------+-------------------------------------------
     0 | D:1      | Eitelfritz the Minotaur Gladiator began the quest for the
                  | Orb.
     0 | D:1      | Reached XP level 1. HP: 18/18 MP: 0/0
   122 | D:1      | Frozen to death by an endoplasm

Illustrated notes

Levels and vault maps discovered:
D:1:      scummos_arrival_simple_fountains, layout_basic,
          shapermc_ecumenical_altar_mp_ritualfount

Action                   || total
-------------------------++-------
Melee: Long sword        ||     7
       Headbutt          ||     1
Armor: Leather armour    ||     5
Dodge: Dodged            ||     8
